 Dungeon Crawl Stone Soup version 0.31-a0-1127-ge7b2bbabab (webtiles) character file.

Game seed: 16932467258703935316

275 naabman the Chopper (level 6, -1/56 HPs)
             Began as a Minotaur Berserker on Dec 5, 2023.
             Was a Priest of Trog.
             Slain by an adder (3 damage)
             ... on level 4 of the Dungeon.
             The game lasted 00:19:55 (2898 turns).

naabman the Chopper (Minotaur Berserker)            Turns: 2898, Time: 00:19:56

Health: -1/56      AC: -1    Str: 22    XL:     6   Next: 3%
Magic:  5/5        EV: 17    Int:  4    God:    Trog [***...]
Gold:   115        SH:  0    Dex: 11    Spells: 5/5 levels left

rFire   . . .        t - +1 short sword (holy)
rCold   . . .        (no shield)
rNeg    . . .        b - +0 animal skin
rPois   .            (helmet restricted)
rElec   .            (no cloak)
rCorr   .            (no gloves)
SInv    .            (no boots)
Will    .....        (no amulet)
Stlth   +            l - +5 ring of evasion
HPRegen 0.29/turn    (no ring)
MPRegen 0.09/turn

%: no passive effects
@: corroded
A: horns 2, retaliatory headbutt
a: Renounce Religion, Berserk, Trog's Hand


You were on level 4 of the Dungeon.
You worshipped Trog.
Trog was most pleased with you.
You visited 1 branch of the dungeon, and saw 4 of its levels.

You collected 115 gold pieces.

Inventory:

Hand Weapons
 a - a +0 hand axe
 t - a +1 short sword of holy wrath (weapon)
 u - a +2 vampiric dagger
Armour
 b - a +0 animal skin (worn)
 e - a +0 chain mail
 s - a +0 pair of gloves
Jewellery
 l - a +5 ring of evasion (left hand)
Scrolls
 d - 2 scrolls of poison {unknown}
 f - 4 scrolls of identify {unknown}
 g - a scroll of summoning {unknown}
 h - a scroll of brand weapon {unknown}
 j - 6 scrolls of teleportation {unknown}
 m - a scroll of immolation {unknown}
 o - 2 scrolls of blinking {unknown}
Potions
 c - 2 potions of curing {unknown}
 i - 2 potions of brilliance {unknown}
 k - a potion of cancellation {unknown}
 n - 2 potions of enlightenment {unknown}
 p - a potion of ambrosia {unknown}
 q - a potion of lignification {unknown}
 r - a potion of resistance {unknown}
 v - 2 potions of heal wounds {unknown}


   Skills:
 + Level 5.0 Fighting
 + Level 6.3 Axes
 + Level 2.6 Armour
 + Level 3.4 Dodging
 + Level 1.1 Stealth


You had 5 spell levels left.
You didn't know any spells.
Your spell library contained the following spells:

 Spells                   Type           Power      Damage    Failure   Level
 Scorch                   Fire           0%         2d5       65%         2
 Flame Wave               Conj/Fire      0%         2d4       99%         4
 Summon Cactus Giant      Summ           0%         N/A       100%        6


Dungeon Overview and Level Annotations

Branches:
Dungeon (4/15)
 Temple: D:4-7

Altars:
Wu Jian
The Shining One

Shops:
D:2 *   D:3 :   D:4 (

Annotations:
D:4 Sigmund


Innate Abilities, Weirdness & Mutations

You have a pair of horns on your head.
You reflexively headbutt those who attack you in melee.


Message History

Trog accepts your kill.
You have reached level 6!
You miss the adder. The adder misses you.
You hit the adder but do no damage. The adder bites you but does no damage.
The adder completely misses you.
You barely miss the adder. Your headbutt misses the adder.
The adder closely misses you. The jelly hits you. The acid corrodes you!
You are splashed with acid!
Sigmund screams, "Die, monster!"
You hit the adder. Your headbutt misses the adder.
The adder is moderately wounded.
The adder bites you. The jelly closely misses you.
Sigmund mumbles some strange words.
Sigmund flickers and vanishes!
Deactivating autopickup; reactivate with Ctrl-A.
You hit the jelly but do no damage.
Your hands burn!
The adder closely misses you. The adder bites you. The jelly misses you.
You furiously retaliate!
You headbutt the jelly, but do no damage.
You hit the jelly.
Your hands burn!
* * * LOW HITPOINT WARNING * * *
The jelly is lightly wounded.
The adder barely misses you. You furiously retaliate!
You headbutt the adder. The jelly barely misses you.
You closely miss the adder.
The adder is severely wounded.
The adder barely misses you. The jelly closely misses you.
You hit the adder but do no damage.
The adder is severely wounded.
The adder bites you.
* * * LOW HITPOINT WARNING * * *
The jelly hits you.
* * * LOW HITPOINT WARNING * * *
You are splashed with acid!
* * * LOW HITPOINT WARNING * * *
The adder barely misses you.
You closely miss the adder.
The adder is severely wounded.
The adder bites you.
You die...

#.###..###.#
#.# ..#
###.###..#
#........#
#.#.####.#
#.#.# .#
#.#.# #.#
#.#.#...
##@#.....
#.SJK.....
#.#o###.#.
#.....
#.#.###.
#.#.#[#.#
..#.###.#
.........
..# ##.


You could see a jelly, an adder, an orc and a kobold.

Vanquished Creatures
  A jelly (D:4)
  Terence (D:3)
  An iguana (D:4)
  Robin (D:3)
  3 gnolls (D:3)
  5 adders
  4 worms (D:3)
  4 dart slugs
  5 orcs (D:4)
  8 endoplasms
  A giant cockroach (D:3)
  5 goblins
  6 hobgoblins
  9 jackals
  3 kobolds
  3 quokkas
  11 ball pythons
  7 bats
  2 frilled lizards
  12 rats
92 creatures vanquished.

Notes
Turn   | Place    | Note
-------+----------+-------------------------------------------
     0 | D:1      | naabman the Minotaur Berserker began the quest for the Orb.
     0 | D:1      | Reached XP level 1. HP: 19/19 MP: 0/0
   107 | D:1      | Reached XP level 2. HP: 27/27 MP: 1/1
   143 | D:1      | Reached skill level 4 in Axes
   962 | D:2      | Reached XP level 3. HP: 29/34 MP: 2/2
  1054 | D:2      | Found Uhojog's General Store.
  1133 | D:2      | Reached ** piety under Trog
  1173 | D:2      | Found a glowing golden altar of the Shining One.
  1601 | D:2      | Reached XP level 4. HP: 37/41 MP: 3/3
  1834 | D:3      | Noticed Terence
  1861 | D:3      | Noticed Robin
  1869 | D:3      | Killed Robin
  1870 | D:3      | Reached skill level 5 in Axes
  1959 | D:3      | Reached XP level 5. HP: 23/47 MP: 4/4
  2158 | D:3      | Found Epuar's Book Shoppe.
  2207 | D:3      | Reached *** piety under Trog
  2223 | D:3      | Found a faded altar of an unknown god.
  2325 | D:3      | Killed Terence
  2349 | D:3      | Found an ornate altar of the Wu Jian Council.
  2669 | D:4      | Found Yryw Cae's Weapon Shop.
  2681 | D:4      | Reached skill level 6 in Axes
  2697 | D:4      | Reached skill level 5 in Fighting
  2697 | D:4      | Reached skill level 1 in Stealth
  2888 | D:4      | Noticed Sigmund
  2889 | D:4      | Reached XP level 6. HP: 30/56 MP: 5/5
  2897 | D:4      | HP: 2/56 [acid (11)]
  2898 | D:4      | Slain by an adder

Illustrated notes

Levels and vault maps discovered:
D:1:      mrwooster_arrival_statue_2, layout_loops_ring, minmay_split_cup_small
D:2:      layout_loops_corners, basic_altar, serial_shops, nicolae_square_shop,
          minmay_small_reverse_x
D:3:      layout_basic, nicolae_wu_jian_immortal_techniques,
          hellmonk_ecumenical_altar_dog_temple, serial_shops,
          nicolae_shop_hallway_stairs, kennysheep_minor_cross,
          due_unseen_surprise, uniq_terence, uniq_robin
D:4:      layout_loops_ring, mainiacjoe_overflow_chevrons, serial_shops,
          nicolae_shop_tiny_glass, minmay_surrounded, uniq_sigmund, uniq_ijyb

Skill      XL: |  1  2  3  4  5 |
---------------+----------------+-----
Axes           | 4 5 6 |  6.3
Fighting       | 4 5 |  5.0
Dodging        | 3 |  3.4
Stealth        | 1 |  1.1
Armour         | |  2.6

Action                     |  1- 3 |  4- 6 || total
---------------------------+-------+-------++-------
  Melee: Hand axe          |    88 |    87 ||   175
         Headbutt          |     8 |    26 ||    34
         Short sword       |       |    36 ||    36
   Stab: Sleeping          |       |     2 ||     2
 Armour: Animal skin       |    26 |    49 ||    75
  Dodge: Dodged            |    73 |   107 ||   180

Table legend: (Time is in decaauts)
 A = Elapsed time spent in this place.
 B = Non-inter-level travel time spent in this place.
 C = Inter-level travel time spent in this place.
 D = Time resting spent in this place.
 E = Time spent auto-exploring this place.
 F = Levels seen in this place.
 G = Mean time per level.
                   A        B        C        D        E       F      G
               +--------+--------+--------+--------+--------+-----+--------+
         Total |   2906 |    660 |   2246 |      0 |      0 |   4 |  726.5 |
       Dungeon |   2906 |    660 |   2246 |      0 |      0 |   4 |  726.5 |
               +--------+--------+--------+--------+--------+-----+--------+

Top non-repeatable levels by time:
     D:1: 952 daAuts
     D:2: 876 daAuts
     D:3: 844 daAuts
     D:4: 234 daAuts
